 Dungeon Crawl Stone Soup version 0.30-a0-778-g2ef04afb54 (webtiles) character file.

Game seed: 10147252061549217373

41 sircluck the Sneak (level 3, 0/23 HPs)
             Began as a Kobold Delver on Feb 15, 2023.
             Succumbed to an adder's poison
             ... in a sewer.
             The game lasted 00:01:40 (412 turns).

sircluck the Sneak (Kobold Delver)                   Turns: 412, Time: 00:01:41

Health: 0/23       AC:  3    Str:  9    XL:     3   Next: 75%
Magic:  3/3        EV: 14    Int: 11    God:
Gold:   0          SH:  0    Dex: 18    Spells: 2/2 levels left

rFire   . . .      SeeInvis .    a - +0 short sword
rCold   . . .      Faith    .    (no shield)
rNeg    . . .      Spirit   .    b - +0 leather armour
rPois   .          Reflect  .    (no helmet)
rElec   .          Harm     .    (no cloak)
rCorr   .          Rampage  .    (no gloves)
Will    .....                    (no boots)
Stlth   +++                      (no amulet)
HPRegen 0.23/turn                (no ring)
MPRegen 0.08/turn                (no ring)

@: lethally poisoned (0 -> -6), hasted, slow
A: small, no large weapons, nightstalker 3
a: no special abilities


You were in a sewer.
You visited 1 branch of the dungeon, and saw 3 of its levels.
You also visited: Sewer.

Inventory:

Hand Weapons
 a - a +0 short sword (weapon)
Armour
 b - a +0 leather armour (worn)
Wands
 g - a wand of digging (3)
Scrolls
 c - a scroll of fog
 d - a scroll of magic mapping
 h - a scroll of identify {unknown}


   Skills:
 + Level 3.5 Fighting
 + Level 2.9 Short Blades
 + Level 0.2 Armour
 + Level 2.7 Dodging
 + Level 7.6 Stealth


You had 2 spell levels left.
You didn't know any spells.
Your spell library contained the following spells:

 Spells                   Type           Power      Damage    Failure   Level
 Hailstorm                Conj/Ice       0%         3d3       83%         3
 Ice Form                 Ice/Tmut       0%         N/A       99%         4
 Simulacrum               Ice/Necr       0%         N/A       100%        6


Dungeon Overview and Level Annotations

Branches:
Dungeon (5/15)              Sewer (1/1)
 Temple: D:4-7

Altars:

Shops:
D:5 :

Annotations:
D:5 Sigmund


Innate Abilities, Weirdness & Mutations

You are small and have problems with some larger weapons.
You are completely attuned to the shadows.


Message History

The ball python closely misses you. The ball python constricts you.
The adder barely misses you. The ball python bites you.
* * * LOW HITPOINT WARNING * * *
The ball python constricts you.
You feel yourself speed up. The adder bites you but does no damage.
The river rat barely misses you.
The ball python bites you but does no damage.
The ball python constricts you.
You escape the ball python's grasp.
The adder closely misses you.
You see here a giant cockroach corpse.
The river rat attacks as you move away! The river rat bites you.
* * * LOW HITPOINT WARNING * * *
The ball python seems to regain its courage.
The adder misses you. The ball python closely misses you.
The ball python grabs you. The ball python constricts you.
* * * LOW HITPOINT WARNING * * *
The adder bites you but does no damage.
You escape the ball python's grasp.
You enter the shallow water.
Moving in this stuff is going to be slow.
The ball python attacks as you move away!
The ball python closely misses you. The ball python barely misses you.
The adder attacks as you move away! The adder barely misses you.
The adder misses you. The adder attacks as you move away!
The adder bites you but does no damage. The adder closely misses you.
You see here a worm corpse.
The adder attacks as you move away! The adder closely misses you.
The adder barely misses you. The ball python misses you.
The ball python grabs you. The ball python constricts you.
You escape the ball python's grasp.
The adder bites you but does no damage. The adder completely misses you.
The ball python completely misses you. The ball python grabs you.
The ball python constricts you.
You escape the ball python's grasp.
The adder bites you.
* * * LOW HITPOINT WARNING * * *
You are lethally poisoned!
The adder poisons you!
You enter the shallow water.
Moving in this stuff is going to be slow.
You die...

#∩.....####†.~~≈~#
#...........~~†≈~#
#.........~~..~≈~#
##.....##.####~≈.#
##...##### #r≈~#
##### ####~S~##
≈≈≈≈S≈~~.
≈≈≈≈.≈≈≈≈
≈≈≈≈@~.~.
#########


You could see an adder, a river rat and a ball python.

Vanquished Creatures
  3 adders
  2 worms (Sewer)
  4 giant cockroaches
  A bat (Sewer)
  A rat (D:3)
11 creatures vanquished.

Notes
Turn   | Place    | Note
-------+----------+-------------------------------------------
     0 | D:5      | sircluck the Kobold Delver began the quest for the Orb.
     0 | D:5      | Reached XP level 1. HP: 14/14 MP: 1/1
    17 | D:5      | Found Taich's Book Shoppe.
    25 | D:5      | Noticed an orc priest
    25 | D:5      | Noticed an orc wizard
    62 | D:5      | Noticed Sigmund
   186 | D:3      | Found a glowing drain.
   226 | D:3      | Reached skill level 7 in Stealth
   226 | D:3      | Reached XP level 2. HP: 19/19 MP: 2/2
   227 | Sewer    | Entered a sewer
   239 | Sewer    | Reached XP level 3. HP: 23/23 MP: 3/3
   401 | Sewer    | HP: 1/23 [constriction (1)]
   412 | Sewer    | Succumbed to an adder's poison

Illustrated notes

Levels and vault maps discovered:
D:3:      layout_basic, mainiacjoe_overflow_24_doors, tgw_trog,
          gup_sewer_entry_glass, guppyfry_early_orc_mine
D:4:      layout_basic, kennysheep_mini_moat, grunt_qazlal_sundering, uniq_ijyb
D:5:      layout_loops_ring, mainiacjoe_overflow_tiny_flanked,
          makhleb_altar_promises_db, serial_shops, nicolae_shop_hallway_stairs,
          minivault_4, feat_on_display, uniq_sigmund
Sewer:    sewer_fruit_machine

Skill      XL: |  1 |
---------------+----+-----
Stealth        | 7 |  7.6
Fighting       | |  3.5
Short Blades   | |  2.9
Armour         | |  0.2
Dodging        | |  2.7

Action                     || total
---------------------------++-------
  Melee: Short sword       ||    72
         Punch             ||     1
    Use: Scroll            ||     1
         Potion            ||     1
   Stab: Sleeping          ||     5
 Armour: Leather armour    ||    35
  Dodge: Dodged            ||    94

Table legend: (Time is in decaauts)
 A = Elapsed time spent in this place.
 B = Non-inter-level travel time spent in this place.
 C = Inter-level travel time spent in this place.
 D = Time resting spent in this place.
 E = Time spent auto-exploring this place.
 F = Levels seen in this place.
 G = Mean time per level.
                   A        B        C        D        E       F      G
               +--------+--------+--------+--------+--------+-----+--------+
         Total |    423 |    423 |      0 |      0 |    137 |   4 |  105.8 |
       Dungeon |    224 |    224 |      0 |      0 |     40 |   3 |   74.7 |
         Sewer |    198 |    198 |      0 |      0 |     97 |   1 |  198.0 |
               +--------+--------+--------+--------+--------+-----+--------+

Top non-repeatable levels by time:
   Sewer: 198 daAuts
     D:5: 93 daAuts
     D:4: 66 daAuts
     D:3: 64 daAuts
